 Dungeon Crawl Stone Soup version 0.19-a0-1019-g9c6a58d (console) character file.

36159 brucemayne the Severer (level 13, -4/144 HPs)
             Began as a Vampire Berserker on July 25, 2016.
             Was a High Priest of Trog.
             Slain by a komodo dragon (9 damage)
             ... on level 4 of the Lair of Beasts.
             The game lasted 00:53:24 (8851 turns).

brucemayne the Severer (Vampire Berserker)          Turns: 8851, Time: 00:53:25

Health: -4/144     AC: 17    Str: 25    XL:     13   Next: 51%
Magic:  13/13      EV: 17    Int: 11    God:    Trog [*****.]
Gold:   67         SH:  5    Dex: 13    Spells: 0 memorised, 12 levels left

rFire  . . .     SeeInvis +     Z - +4 broad axe (elec)
rCold  . . .     Gourm    .     u - +0 plate armour
rNeg   + . .     Faith    .     b - +0 buckler
rPois  .         Spirit   .     (no helmet)
rElec  .         Dismiss  .     g - +0 cloak
rCorr  .         Reflect  .     (no gloves)
SustAt .         Harm     .     z - +1 pair of boots {run}
MR     ++++.                    (no amulet)
Stlth  ..........               q - ring of protection from magic
                                m - +5 ring of evasion

@: berserking, regenerating, very quick, incredibly resistant to hostile
enchantments, extremely unstealthy
A: fangs 3, see invisible, unbreathing
a: Bat Form, Berserk, Trog's Hand, Brothers in Arms, Burn Spellbooks, Renounce
Religion


You were on level 4 of the Lair of Beasts.
You worshipped Trog.
Trog was extremely pleased with you.
You were not thirsty.

You visited 3 branches of the dungeon, and saw 19 of its levels.
You also visited: Labyrinth.

You collected 1117 gold pieces.
You spent 1050 gold pieces at shops.

Inventory:

Hand Weapons
 a - a +0 hand axe
 j - a +2 flail of protection
 k - a +1 scimitar of flaming
 p - a +0 vampiric morningstar
 G - a +2 dire flail of venom
 T - a +0 battleaxe of electrocution
 Z - a +4 broad axe of electrocution (weapon)
Missiles
 M - 2 throwing nets (quivered)
 N - 5 steel tomahawks
Armour
 b - a +0 buckler (worn)
 g - a +0 cloak (worn)
 u - a +0 plate armour (worn)
 z - a +1 pair of boots of running (worn)
Rods
 w - a +6 rod of clouds (11/11)
   (You found it in a labyrinth)
 D - a +3 iron rod (10/10)
   (You found it in a labyrinth)
Jewellery
 m - a +5 ring of evasion (left hand)
 q - a ring of protection from magic (right hand)
 A - an uncursed ring of magical power
 K - an uncursed ring of flight
 P - an uncursed ring of magical power
 U - an uncursed ring of ice
 W - an uncursed ring of wizardry
Wands
 h - a wand of lightning (9/15)
 i - a wand of polymorph (10/24)
 n - a wand of paralysis (1/24)
 F - a wand of lightning (8/15)
 O - a wand of disintegration (3/24)
 S - a wand of iceblast (9/15)
 Y - a wand of flame (28/48)
Scrolls
 e - 7 scrolls of remove curse
 f - 3 scrolls of identify
 t - a scroll of magic mapping
 y - 2 scrolls of fog
 B - a scroll of teleportation
 C - a scroll of brand weapon {unknown}
 Q - 2 scrolls of amnesia
Potions
 c - 20 potions of blood
 l - a potion of haste
 o - a potion of lignification
 r - a potion of resistance
 x - 2 potions of cure mutation
 E - a potion of flight
 I - a potion of magic {unknown}
 J - a potion of curing
 L - 4 potions of brilliance
 R - 2 potions of ambrosia {unknown}
 V - 2 potions of berserk rage {unknown}
 X - a potion of degeneration {unknown}
Books
 d - a book of Air

   Spells                             Type                      Level
   a - Shock                          Conjuration/Air              1
   b - Swiftness                      Charms/Air                   2
   c - Repel Missiles                 Charms/Air                   2
   d - Static Discharge               Conjuration/Air              3
   e - Lightning Bolt                 Conjuration/Air              5
   Trog disapproves of the use of such an item.
 s - a Necronomicon

   Spells                             Type                      Level
   a - Haunt                          Necromancy/Summoning         7
   b - Borgnjor's Revivification      Necromancy                   8
   c - Death's Door                   Charms/Necromancy            8
   d - Infestation                    Necromancy                   8
   e - Necromutation                  Transmutation/Necromancy     8
   Trog disapproves of the use of such an item.


   Skills:
 - Level 7.1 Fighting
 + Level 15.9 Axes
 - Level 7.7 Armour
 - Level 10.1 Dodging
 - Level 4.0 Shields


You had 12 spell levels left.
You didn't know any spells.

Dungeon Overview and Level Annotations

Branches:
Dungeon (13/15)            Temple (0/1) D:6            Lair (4/6) D:9
 Spider (0/4) Lair:3          Orc (2/2) D:11            Elf (0/3) Orc:2
  Swamp: Lair:2-4    Shoals: Lair:2-4    Vaults: D:13-14

Altars:
Ashenzari
Gozag
Makhleb
Trog
Beogh

Shops:
D:5 !   D:11 *   Orc:2 :*(*

Portals:
Trove: D:10 (give 4 potions of resistance)

Annotations:
D:4 Dowan, Duvessa
D:6 Grinder


Innate Abilities, Weirdness & Mutations

You have razor-sharp teeth.
You have supernaturally acute eyesight. (SInv)
You can survive without breathing.


Message History

Trog accepts your kill.
The komodo dragon hisses menacingly.
The komodo dragon bites you!!
* * * LOW HITPOINT WARNING * * *
Unknown command.
You closely miss the komodo dragon.
The komodo dragon is severely wounded.
You slash the basilisk!
There is a sudden explosion of sparks!
You kill the basilisk!
Trog accepts your kill.
You are struck by the porcupine's spines.
* * * LOW HITPOINT WARNING * * *
You hit the porcupine.
There is a sudden explosion of sparks!
You kill the porcupine!
Trog accepts your kill.
Your plate armour prevents you from hitting the komodo dragon.
Your bite misses the komodo dragon.
The komodo dragon is severely wounded.
You slash the blink frog! The komodo dragon bites you!
You die...

#[#######....... #.
###...P##.P.###... .
##..<..............
#.#..#..P#.#####.....
##.#P...##### ##...[
#P.P..#F.# ##....
##......P#### ###.....
#.#.....................
P...§.†@.##.P...P.#P...<
...#..Fl†# ##.....#....#
..P........ .#.........
.....<....... #....#....
.............# #........
......##.P....#....#...#
..###. ###...# ..#....
.. #. ##.. ###....


You could see a komodo dragon and 2 blink frogs.

Vanquished Creatures
  An orc warlord (Orc:1)
  A minotaur (Lab)
  4 ogre magi (Orc:2)
  Harold (D:11)
  Erica (D:10)
  A tengu warrior (D:12)
  5 unseen horrors
  A hill giant (D:10)
  3 orc knights
  A cyclops (D:12)
  3 black mambas
  2 gargoyles
  A torpor snail (Lair:3)
  A rime drake (Lair:2)
  2 kobold demonologists (D:13)
  4 trolls
  13 two-headed ogres
  2 blink frogs (Lair:4)
  4 redbacks (Lair:3)
  25 yaks
  A spriggan (D:8)
  A shadow (D:12)
  Eustachio (D:5)
  2 basilisks
  Grum (D:11)
  A hippogriff (D:10)
  10 wargs
  A steam dragon (D:9)
  2 hungry ghosts (D:11)
  2 insubstantial wisps (D:9)
  Edmund (D:6)
  2 porcupines
  3 water moccasins
  2 ice beasts
  5 sky beasts
  27 orc warriors
  A black bear (D:8)
  A phantom (D:11)
  27 ogres
  A wasp (D:12)
  An eye of draining (D:10)
  7 wolves
  4 centaurs
  2 crocodiles
  A big kobold (D:13)
  A wyvern zombie (D:12)
  6 giant frogs
  A water moccasin skeleton (D:9)
  6 scorpions
  2 troll zombies (D:11)
  5 killer bees (D:8)
  4 electric eels
  3 giant frog zombies
  3 crimson imps
  A quasit (D:11)
  2 gnoll shamans
  4 hounds
  16 orc priests
  35 orc wizards
  2 centaur skeletons
  A jelly (D:9)
  A giant frog skeleton (D:11)
  3 iguanas
  6 worker ants
  6 ogre zombies (D:11)
  2 worker ant zombies
  9 gnolls
  7 adders
  13 river rats
  A shadow imp (Orc:1)
  An adder skeleton (D:8)
  4 giant geckos
  93 orcs
  A ball python (D:5)
  A bat (D:1)
  A goblin (D:1)
  2 hobgoblins (D:3)
  2 jackals (D:9)
  6 kobolds
  3 quokkas
  2 goblin skeletons (D:11)
  3 goblin zombies (D:11)
  4 hobgoblin zombies (D:11)
  2 orc skeletons (D:11)
  14 orc zombies (D:11)
  2 rats
  A fungus (Lair:3)
465 creatures vanquished.

Vanquished Creatures (others)
  2 orcs (D:9)
  A fungus (Lair:4)
3 creatures vanquished.

Grand Total: 468 creatures vanquished

Notes
Turn   | Place    | Note
-------+----------+-------------------------------------------
     0 | D:1      | brucemayne the Vampire Berserker began the quest for the Orb.
     0 | D:1      | Reached XP level 1. HP: 17/17 MP: 1/1
    94 | D:2      | Found an opulent altar of Gozag.
   129 | D:2      | Reached skill level 3 in Axes
   209 | D:3      | Reached XP level 2. HP: 23/23 MP: 2/2
   221 | D:3      | Found a shattered altar of Ashenzari.
   482 | D:4      | Reached skill level 4 in Axes
   482 | D:4      | Reached XP level 3. HP: 28/28 MP: 3/3
   580 | D:5      | Entered Level 5 of the Dungeon
   604 | D:5      | Reached XP level 4. HP: 18/34 MP: 4/4
   604 | D:5      | Reached ** piety under Trog
   617 | D:5      | Found Noescho's Distillery.
   716 | D:4      | Reached skill level 5 in Axes
   716 | D:4      | Reached XP level 5. HP: 9/39 MP: 5/5
   783 | D:4      | Noticed Duvessa
   783 | D:4      | Noticed Dowan
  1013 | D:5      | Bought a potion of curing for 33 gold pieces
  1042 | D:6      | Found a staircase to the Ecumenical Temple.
  1047 | D:6      | Noticed an ogre
  1059 | D:5      | Reached skill level 6 in Axes
  1059 | D:5      | Reached XP level 6. HP: 28/46 MP: 6/6
  1074 | D:5      | Noticed Eustachio
  1081 | D:5      | Found a burning altar of Makhleb.
  1092 | D:5      | Killed Eustachio
  1092 | D:5      | Reached skill level 7 in Axes
  1134 | D:6      | Reached XP level 7. HP: 21/51 MP: 7/7
  1150 | D:6      | Noticed Edmund
  1191 | D:6      | Killed Edmund
  1236 | D:6      | Reached skill level 8 in Axes
  1403 | D:7      | Identified a scroll of acquirement
  1410 | D:7      | Identified a +1 pair of boots of running (You acquired it on level 7 of the Dungeon)
  1572 | D:6      | Noticed Grinder
  1728 | D:8      | Reached skill level 9 in Axes
  1728 | D:8      | Reached XP level 8. HP: 44/57 MP: 8/8
  1854 | D:7      | Reached skill level 10 in Axes
  2143 | D:9      | Noticed a two-headed ogre
  2161 | D:9      | Reached XP level 9. HP: 63/63 MP: 9/9
  2248 | D:9      | Noticed a troll
  2678 | D:9      | Reached *** piety under Trog
  2678 | D:9      | Reached skill level 5 in Fighting
  2681 | D:9      | Killed a troll
  2719 | D:9      | Found a roughly hewn altar of Beogh.
  2922 | D:9      | Reached skill level 5 in Armour
  2928 | D:9      | Found a bloodstained altar of Trog.
  3078 | D:9      | Reached XP level 10. HP: 51/76 MP: 10/10
  3081 | D:10     | Entered Level 10 of the Dungeon
  3127 | D:11     | Noticed an unseen horror
  3147 | D:11     | Killed an unseen horror
  3212 | D:11     | Noticed an unseen horror
  3232 | D:11     | Killed an unseen horror
  3278 | D:11     | Noticed a gargoyle
  3309 | D:11     | Killed a gargoyle
  3309 | D:11     | Reached skill level 11 in Axes
  3596 | D:11     | Found Veumo's Assorted Antiques.
  3608 | D:11     | Bought a notched pearl ring for 180 gold pieces
  3619 | D:11     | Noticed Harold
  3628 | D:11     | Killed Harold
  3741 | D:11     | Reached skill level 12 in Axes
  3772 | D:11     | Found a staircase to the Orcish Mines.
  3909 | D:11     | Noticed an unseen horror
  3928 | D:11     | Killed an unseen horror
  3935 | D:11     | Reached XP level 11. HP: 26/84 MP: 11/11
  3984 | D:11     | Noticed Grum
  4110 | D:11     | Killed Grum
  4324 | D:10     | Found a portal to a secret trove of treasure.
  4399 | Orc:1    | Entered Level 1 of the Orcish Mines
  4414 | Orc:1    | Reached skill level 13 in Axes
  4535 | Orc:2    | Entered Level 2 of the Orcish Mines
  4561 | Orc:2    | Reached **** piety under Trog
  4603 | Orc:2    | Found a staircase to the Elven Halls.
  4732 | Orc:1    | Noticed an orc knight
  4972 | Orc:2    | Noticed an ogre mage
  4989 | Orc:2    | Killed an ogre mage
  4992 | Orc:2    | Reached skill level 14 in Axes
  5176 | Orc:2    | Found Ciesa Cisk's Assorted Antiques.
  5176 | Orc:2    | Found Zexuner's Antique Weapon Boutique.
  5177 | Orc:2    | Found Ynwucuri's General Store.
  5177 | Orc:2    | Found Reibb's Book Shoppe.
  5178 | Orc:2    | Noticed an ogre mage
  5178 | Orc:2    | Noticed an ogre mage
  5197 | Orc:2    | Killed an ogre mage
  5221 | Orc:2    | Reached skill level 5 in Dodging
  5231 | Orc:2    | Noticed an ogre mage
  5249 | Orc:2    | HP: 1/84 [ogre mage/bolt of fire (41)]
  5276 | Orc:2    | Noticed a war axe of venom
  5387 | Orc:1    | Killed an orc knight
  5450 | Orc:1    | Reached XP level 12. HP: 62/91 MP: 12/12
  5612 | Orc:1    | Noticed an orc warlord
  5690 | Orc:1    | Killed an orc warlord
  6015 | Orc:2    | Noticed an orc warlord
  6181 | Orc:2    | Killed an ogre mage
  6272 | Orc:2    | Killed an ogre mage
  6320 | Orc:2    | Bought a runed battleaxe for 214 gold pieces
  6321 | Orc:2    | Bought a tubular iron ring for 145 gold pieces
  6321 | Orc:2    | Bought a white potion for 26 gold pieces
  6321 | Orc:2    | Bought a ruby ring for 145 gold pieces
  6322 | Orc:2    | Bought a white potion for 26 gold pieces
  6322 | Orc:2    | Bought a ruby potion for 26 gold pieces
  6322 | Orc:2    | Bought a scroll labeled ZOUTIL MAULET for 29 gold pieces
  6322 | Orc:2    | Bought a scroll labeled ZOUTIL MAULET for 29 gold pieces
  6322 | Orc:2    | Bought a scroll labeled ADWOAH LUIPRUWK for 29 gold pieces
  6322 | Orc:2    | Bought a scroll of identify for 58 gold pieces
  6630 | D:13     | Reached skill level 10 in Dodging
  6703 | D:13     | Reached ***** piety under Trog
  6731 | D:12     | Found a shattered altar of Ashenzari.
  6876 | D:12     | Received a gift from Trog
  6954 | D:12     | Noticed a tengu warrior
  6975 | D:12     | Killed a tengu warrior
  7005 | D:12     | Reached skill level 1 in Shields
  7026 | D:12     | Reached XP level 13. HP: 65/96 MP: 13/13
  7132 | D:10     | Noticed Erica
  7146 | D:10     | Killed Erica
  7609 | D:5      | Bought a potion of resistance for 110 gold pieces
  7799 | D:9      | Found a staircase to the Lair.
  7838 | Lair:1   | Entered Level 1 of the Lair of Beasts
  7844 | D:9      | Reached skill level 15 in Axes
  7862 | Lair:1   | Found a labyrinth entrance.
  7877 | Lab      | Entered a labyrinth
  8328 | Lab      | Noticed a minotaur
  8335 | Lab      | Killed a minotaur
  8495 | Lair:2   | Received a gift from Trog
  8639 | Lair:3   | Found a hole to the Spider Nest.
  8849 | Lair:4   | HP: 6/144 [komodo dragon (18)]
  8851 | Lair:4   | Slain by a komodo dragon

Vault maps used:
D:1:      lemuel_arrival_cross, minmay_distorted
D:2:      nicolae_gozag_cash_rules_everything_around_me,
          kennysheep_generic_room_13, uniq_natasha, uniq_robin
D:3:      evilmike_ruin_ashenzari, first_bread
D:4:      uniq_duvessa
D:5:      serial_shops, shop, shop_coins, makhleb_heckhound_becter,
          uniq_crazy_yiuf_cottage, uniq_blork_the_orc, uniq_pikel,
          uniq_eustachio
D:6:      zin_angel, uniq_edmund, uniq_grinder
D:8:      gammafunk_temple_overflow_pools, enter_ossuary_5, the_bakery
D:9:      kennysheep_little_box, erik_lair_island, special_room, serial_shops,
          shop, minmay_misc_feat_iff, hangedman_misty_isle
D:10:     enter_trove_1, grunt_ministairs_4, uniq_sonja, uniq_erica
D:11:     zombieorc2_lemuel, serial_shops, shop, uniq_grum, uniq_harold
D:12:     basic_altar
Lair:1:   lab_entry_generic, serial_bayou_shore_b, grunt_megastairs_5,
          infiniplex_staircase_pool
Lair:2:   lemuel_fruit_tree, grunt_megastairs_1, serial_bayou_shore_b,
          uniq_fannar
Lair:3:   spider_nest_entry_webs
Lair:4:   minmay_shoals_entry_hut, serial_bayou_shore_a
Orc:1:    nooodl_orcs_dogs
Orc:2:    st_orc_ogre_mass, special_room, hangedman_minor_magic

Skill      XL: |  1  2  3  4  5  6  7  8  9 10 11 12 13 |
---------------+----------------------------------------+-----
Axes           | 3 4 5 6 7 9 10 12 14 15 | 15.9
Fighting       | 3 6 7 |  7.1
Armour         | 2 5 6 7 |  7.7
Dodging        | 6 10 | 10.1
Shields        | 2 4 |  4.0

Action                   |  1- 3 |  4- 6 |  7- 9 | 10-12 | 13-15 || total
-------------------------+-------+-------+-------+-------+-------++-------
Melee: Hand axe          |    53 |    85 |   268 |   393 |       ||   799
       Bite              |     4 |     6 |    45 |   126 |    19 ||   200
       War axe           |       |       |    80 |    22 |       ||   102
       Battleaxe         |       |       |       |   492 |       ||   492
       Broad axe         |       |       |       |    36 |   228 ||   264
Throw: Throwing net      |       |       |       |     5 |       ||     5
Invok: Berserk           |     3 |     1 |     9 |    14 |     1 ||    28
       Trog's Hand       |       |     1 |    11 |    36 |     4 ||    52
 Abil: End Transformatio |       |     1 |     1 |     8 |     1 ||    11
       Bat Form          |       |     1 |     1 |     8 |     1 ||    11
       Evoke Flight      |       |       |       |     1 |       ||     1
Evoke: Wand              |       |     5 |     3 |     1 |    12 ||    21
  Use: Potion            |     4 |     7 |    20 |    43 |     6 ||    80
       Scroll            |     1 |     3 |     4 |     9 |     3 ||    20
 Stab: Paralysed         |       |    10 |    12 |     4 |     1 ||    27
Armor: Animal skin       |     7 |       |       |       |       ||     7
       Leather armour    |     2 |       |       |       |       ||     2
       Ring mail         |     4 |       |       |       |       ||     4
       Scale mail        |     8 |     9 |       |       |       ||    17
       Plate armour      |       |    27 |   169 |   366 |    66 ||   628
Dodge: Dodged            |    41 |    64 |   171 |   583 |   136 ||   995
Block: Buckler           |       |       |       |     2 |    43 ||    45
